 Dungeon Crawl Stone Soup version 0.28-a0-1510-gd0f6b136d3 (webtiles) character file.

Game seed: 7809037686913184811

2875 funkygono the Arsonist (level 10, -8/65 HPs)
             Began as a Human Fire Elementalist on Jan 14, 2022.
             Was a Believer of Vehumet.
             Frozen to death by benappo's ghost (15 damage)
             ... on level 6 of the Dungeon.
             The game lasted 00:17:24 (8323 turns).

funkygono the Arsonist (Human Fire Elementalist)    Turns: 8323, Time: 00:17:25

Health: -8/65      AC: 11    Str:  8    XL:     10   Next: 5%
Magic:  13/22      EV: 11    Int: 21    God:    Vehumet [**....]
Gold:   1137       SH:  0    Dex: 13    Spells: 6/25 levels left

rFire   + . .      SeeInvis .   e - +4 short sword (speed)
rCold   x . .      Faith    .   (no shield)
rNeg    . . .      Spirit   .   k - +1 acid dragon scales
rPois   .          Reflect  .   r - +0 helmet
rElec   .          Harm     .   i - +2 cloak {Stlth+}
rCorr   +          Rampage  .   (no gloves)
Will    .....                   (no boots)
Stlth   +++.......              (no amulet)
HPRegen 0.20/turn               z - ring of fire
MPRegen 0.18/turn               (no ring)

@: lethally poisoned (-8 -> -17)
A: no striking features
a: Renounce Religion


You were on level 6 of the Dungeon.
You worshipped Vehumet.
Vehumet was pleased with you.
You visited 2 branches of the dungeon, and saw 7 of its levels.
You also visited: Sewer and Ossuary.

You collected 1137 gold pieces.

Inventory:

Hand Weapons
 c - a +0 short sword
 e - a +4 short sword of speed (weapon)
 f - a +4 dagger of freezing
 l - a +0 whip
 s - a +2 short sword of venom
Missiles
 d - 275 stones (quivered)
Armour
 a - a +0 robe
 i - a +2 cloak of stealth (worn)
 k - +1 acid dragon scales (worn)
 m - a +0 troll leather armour {Pargi}
 n - a +2 kite shield
 r - a +0 helmet (worn)
Jewellery
 z - a ring of fire (left hand)
Wands
 A - a wand of acid (9)
Scrolls
 u - a scroll of teleportation
 y - a scroll of blinking
Potions
 b - 6 potions of curing
 g - 2 potions of attraction
 h - 3 potions of lignification
 j - a potion of resistance
 o - 3 potions of heal wounds
 p - 2 potions of might {unknown}
 q - a potion of degeneration {unknown}
 t - 2 potions of flight {unknown}
 v - 2 potions of haste
 x - 2 potions of berserk rage {unknown}


   Skills:
 + Level 1.1 Fighting
 + Level 1.4 Short Blades
 + Level 2.1 Armour
 + Level 3.2 Dodging
 - Level 2.0 Stealth
 * Level 8.0 Spellcasting
 * Level 5.3 Conjurations
 * Level 8.0 Fire Magic


You had 6 spell levels left.
You knew the following spells:

 Your Spells              Type           Power      Damage    Failure   Level
a - Foxfire               Conj/Fire      100%       2x1d9     1%          1
b - Scorch                Fire           100%       2d10      1%          2
c - Conjure Flame         Conj/Fire      53%        6-21      2%          3
d - Flame Wave            Conj/Fire      53%        2d9       9%          4
e - Sticky Flame          Conj/Fire      53%        2d7       9%          4
f - Freeze                Ice            32%        1d5       14%         1
g - Sandblast             Erth           16%        2d6       14%         1
h - Ignite Poison         Fire/Tmut/Pois 29%        N/A       14%         3

Your spell library contained the following spells:

 Spells                   Type           Power      Damage    Failure   Level
 Static Discharge         Conj/Air       19%        N/A       7%          2
 Inner Flame              Hex/Fire       38%        N/A       8%          3
 Animate Skeleton         Necr           16%        N/A       14%         1
 Pain                     Necr           32%        1d5       14%         1
 Corpse Rot               Necr/Air       16%        N/A       21%         2
 Poisonous Vapours        Pois/Air       16%        N/A       21%         2
 Vampiric Draining        Necr           8%         2d6       38%         3
 Dispel Undead            Necr           8%         3d8       80%         4
 Dispersal                Tloc           4%         N/A       100%        6
 Disjunction              Tloc           4%         N/A       100%        8


Dungeon Overview and Level Annotations

Branches:
Dungeon (6/15)             Temple (1/1) D:4           Sewer (visited)
Ossuary (visited)

Altars:
Ashenzari
Cheibriados
Dithmenos
Elyvilon
Fedhas
Gozag
Hepliaklqana
Kikubaaqudgha
Makhleb
Nemelex Xobeh
Okawaru
Qazlal
Ru
Sif Muna
Trog
Uskayaw
Vehumet
Wu Jian
Yredelemnul
Zin
The Shining One

Shops:
D:2 (

Annotations:
D:6 1 transporter, benappo's ghost, novice DjCj


Message History

Casting: Foxfire (safe; 1% risk of failure)
Confirm with . or Enter, or press ? or * to list all spells.
Casting: Flame Wave (dangerous; 9% risk of failure)
Press: ? - help, Dir - look around, f - activate You feel a surge of power!
A wave of flame ripples out!
The flame wave engulfs benappo's ghost.
Benappo's ghost resists.
Benappo's ghost is lightly damaged.
The flame wave engulfs your foxfire.
Your foxfire completely resists. (Press . to intensify the flame waves.)
You feel sick.
You hear a shout!
The foxfire hits benappo's ghost.
Benappo's ghost resists.
Benappo's ghost is lightly damaged.
The gnoll sergeant hits you from afar with a +0 trident.
Benappo's ghost hits you but does no damage.
A wave of flame ripples out!
The flame wave engulfs benappo's ghost.
Benappo's ghost resists.
Benappo's ghost is lightly damaged.
The flame wave engulfs the gnoll sergeant.
The gnoll sergeant is heavily wounded.
You feel sick.
You hear a shout!
The gnoll sergeant hits you from afar with a +0 trident!
* * * LOW HITPOINT WARNING * * *
Benappo's ghost hits you.
* * * LOW HITPOINT WARNING * * *
You are lethally poisoned!
A wave of flame ripples out!
The flame wave engulfs benappo's ghost.
Benappo's ghost resists.
Benappo's ghost is lightly damaged.
The flame wave engulfs the gnoll sergeant.
The gnoll sergeant is severely wounded.
You finish channelling waves of flame.
* * * LOW HITPOINT WARNING * * *
You feel very sick. The gnoll sergeant barely misses you.
Benappo's ghost freezes you.
You are frozen!
You feel a terrible chill!
You die...

#.≈≈#..#8###8#g.#≈≈..######
#.≈≈#8.###.###.8#≈≈.......#
#.≈≈#...........#≈≈........
##.≈≈###.##'##.###≈≈........
#..≈≈..#.#...#.#..≈≈........
#..≈≈.##.'..)'.##.≈≈........
#..≈≈.#..#).g#.g#.≈≈........
#..≈≈.##.##W##.##.≈≈........
#..≈≈..#.#)@/#.#............
#..≈≈.©#('.©.).#©...........
#..≈≈..#.#8§8#.#.....#.....)
#..≈≈.##.#####.##.≈≈.####.#.
#..≈≈.#gg# #..#.≈≈.####.#.
#..≈≈.##.# #.##.≈≈........
#..≈≈..#g# .#.#..≈≈....#..<
#..≈≈###.##'##.###≈≈..##....
#..≈≈#ggWg.g.....#≈≈..#.....


You could see a gnoll sergeant and benappo's ghost.

Vanquished Creatures
  Grinder (D:5)
  Pargi (Sewer)
  2 black bears
  A sky beast (D:5)
  An ice beast (D:6)
  2 necrophages (D:5)
  2 ogres (D:6)
  3 centaurs
  2 elf zombies (Ossuary)
  3 scorpions
  A wyvern zombie (D:6)
  A gnoll sergeant (D:6)
  A water moccasin zombie (D:6)
  2 water moccasin skeletons
  5 wights (D:4)
  A howler monkey (D:4)
  2 centaur zombies
  5 hounds
  2 orc priests
  2 human zombies (Ossuary)
  A centaur skeleton (D:6)
  An iguana (D:5)
  4 orc wizards
  2 hound skeletons (D:5)
  2 mummies (Ossuary)
  8 gnolls
  2 river rats (D:3)
  8 adders
  3 worms
  3 dart slugs
  11 orcs
  3 bats (D:1)
  7 endoplasms
  4 giant cockroaches
  9 hobgoblins
  2 jackals (D:4)
  6 quokkas
  5 ball pythons
  6 frilled lizards
  7 goblins
  3 goblin zombies (Ossuary)
  5 hobgoblin zombies (Ossuary)
  A jackal zombie (Ossuary)
  8 kobolds
  9 kobold zombies (Ossuary)
  11 orc zombies (Ossuary)
  7 rats
  2 rat zombies (Ossuary)
  A bush (D:2)
181 creatures vanquished.

Vanquished Creatures (others)
  619 foxfires
  9 plants
628 creatures vanquished.

Grand Total: 809 creatures vanquished

Notes
Turn   | Place    | Note
-------+----------+-------------------------------------------
     0 | D:1      | funkygono the Human Fire Elementalist began the quest for
                  | the Orb.
     0 | D:1      | Reached XP level 1. HP: 13/13 MP: 3/3
   219 | D:1      | Found a faded altar of an unknown god.
   271 | D:1      | Reached XP level 2. HP: 19/19 MP: 0/5
   274 | D:1      | Learned a level 2 spell: Scorch
   693 | D:1      | Reached XP level 3. HP: 24/24 MP: 3/6
  1198 | D:2      | Found Ohijinni's Weapon Shoppe.
  1650 | D:2      | Reached XP level 4. HP: 30/30 MP: 3/8
  2038 | D:2      | Learned a level 3 spell: Conjure Flame
  2578 | D:3      | Reached XP level 5. HP: 31/35 MP: 0/9
  2671 | D:3      | Learned a level 4 spell: Flame Wave
  2860 | D:3      | Found a glowing drain.
  2864 | Sewer    | Entered a sewer
  3030 | Sewer    | Noticed Pargi
  3059 | Sewer    | Killed Pargi
  3060 | Sewer    | Reached XP level 6. HP: 25/41 MP: 0/11
  3826 | D:3      | Identified a scroll of acquirement
  3826 | D:3      | Acquired 839 gold pieces
  4098 | D:4      | Reached skill level 1 in Armour
  4190 | D:4      | Reached skill level 5 in Fire Magic
  4190 | D:4      | Reached XP level 7. HP: 46/46 MP: 2/13
  4614 | D:4      | Reached skill level 5 in Spellcasting
  4749 | D:4      | Found a staircase to the Ecumenical Temple.
  4753 | Temple   | Entered the Ecumenical Temple
  4834 | Temple   | Became a worshipper of Vehumet
  5469 | D:4      | You fall into a shaft and drop 2 floors!
  5477 | D:6      | Reached XP level 8. HP: 16/52 MP: 5/16
  5752 | D:6      | Reached skill level 1 in Short Blades
  5830 | D:6      | Reached skill level 1 in Fighting
  5934 | D:5      | Entered Level 5 of the Dungeon
  6008 | D:5      | Reached XP level 9. HP: 53/59 MP: 3/18
  6129 | D:5      | Reached * piety under Vehumet
  6129 | D:5      | Offered knowledge of Sandblast by Vehumet.
  6140 | D:5      | Learned a level 1 spell: Sandblast
  6219 | D:5      | Noticed Grinder
  6239 | D:5      | Paralysed by Grinder for 2 turns
  6242 | D:5      | Killed Grinder
  6321 | D:5      | Found a sand-covered staircase.
  6339 | Ossuary  | Entered an ossuary
  6675 | Ossuary  | Reached ** piety under Vehumet
  6675 | Ossuary  | Offered knowledge of Freeze by Vehumet.
  7363 | D:4      | Learned a level 1 spell: Freeze
  7368 | D:4      | Learned a level 4 spell: Sticky Flame
  7580 | D:5      | Offered knowledge of Ignite Poison by Vehumet.
  7581 | D:5      | Reached skill level 5 in Conjurations
  8074 | D:6      | Found a transporter.
  8075 | D:6      | Found a transporter.
  8124 | D:6      | Noticed benappo's ghost (novice DjCj)
  8177 | D:6      | Reached XP level 10. HP: 65/65 MP: 16/21
  8300 | D:6      | Learned a level 3 spell: Ignite Poison
  8315 | D:6      | Paralysed by a gnoll for 2 turns
  8323 | D:6      | Frozen to death by benappo's ghost

Illustrated notes

Levels and vault maps discovered:
D:1:      saegor_arrival_under_anarchy, layout_basic,
          hellmonk_ecumenical_altar_zigzags, corexii_leaking_fountain
D:2:      layout_rooms, serial_shops, nicolae_shop_statue_plus, serial_forest,
          infiniplex_forest_side_room, infiniplex_forest_clump_tiny,
          infiniplex_forest_straight_3, infiniplex_forest_lined_3_way,
          minmay_misc_feat_pillars, minmay_goblin_kobold_house
D:3:      layout_loops_ring, gup_sewer_entry_spiral
D:4:      layout_cave_pods, minmay_temple_entry_glassed_door,
          minmay_misc_feat_square
D:5:      layout_basic, lightli_ossuary_entry_decrepit_ruins,
          grunt_ministairs_4, minmay_checkerbox, uniq_grinder
D:6:      layout_rooms, gammafunk_ghost_gnarly_gnolls
Temple:   mainiacjoe_temple_archimedes_tessellation

Skill      XL: |  1  2  3  4  5  6  7  8  9 10 |
---------------+-------------------------------+-----
Spellcasting   | 3 4 5 6 7 8 |  8.0
Fire Magic     | 4 5 6 8 |  8.0
Conjurations   | 2 4 5 |  5.3
Armour         | 1 2 |  2.1
Short Blades   | 1 |  1.4
Dodging        | 3 |  3.2
Fighting       | 1 |  1.1
Stealth        | |  2.0

Action                   |  1- 3 |  4- 6 |  7- 9 | 10-12 || total
-------------------------+-------+-------+-------+-------++-------
Melee: Short sword       |     2 |   193 |    39 |       ||   234
       Punch             |       |     5 |     1 |       ||     6
 Cast: Foxfire           |    52 |    80 |   227 |     1 ||   360
       Scorch            |     9 |    22 |    32 |       ||    63
       Flame Wave        |       |       |     4 |     2 ||     6
  Use: Scroll            |       |    13 |     3 |     1 ||    17
       Potion            |       |     1 |     3 |       ||     4
Armor: Robe              |     5 |       |       |       ||     5
       Acid dragon scale |     2 |    29 |    34 |     5 ||    70
       Skin              |       |       |    63 |       ||    63
Dodge: Dodged            |    19 |    30 |    39 |     8 ||    96

Table legend: (Time is in decaauts)
 A = Elapsed time spent in this place.
 B = Non-inter-level travel time spent in this place.
 C = Inter-level travel time spent in this place.
 D = Time resting spent in this place.
 E = Time spent auto-exploring this place.
 F = Levels seen in this place.
 G = Mean time per level.
                   A        B        C        D        E       F      G
               +--------+--------+--------+--------+--------+-----+--------+
         Total |   8308 |   8138 |    170 |    690 |   5571 |   9 |  923.1 |
       Dungeon |   6918 |   6769 |    149 |    648 |   4555 |   6 | 1153.0 |
        Temple |    234 |    213 |     21 |      0 |    189 |   1 |  234.0 |
         Sewer |    429 |    429 |      0 |      0 |    363 |   1 |  429.0 |
       Ossuary |    725 |    725 |      0 |     42 |    464 |   1 |  725.0 |
               +--------+--------+--------+--------+--------+-----+--------+

Top non-repeatable levels by time:
     D:4: 1371 daAuts
     D:3: 1282 daAuts
     D:1: 1176 daAuts
     D:5: 1083 daAuts
     D:2: 1045 daAuts
     D:6: 959 daAuts
 Ossuary: 725 daAuts
   Sewer: 429 daAuts
  Temple: 234 daAuts
